 Seeded DCSS version 0.29.1-1-gd02db6906a (webtiles) character file.

Game seed: 8800239265270809476 (custom seed)

865 GigaChad the Fighter (level 7, -7/72 HPs)
             Began as a Minotaur Fighter on Sept 27, 2022.
             Mangled by Prince Ribbit (14 damage)
             ... on level 6 of the Dungeon.
             The game lasted 00:05:43 (3733 turns).

GigaChad the Fighter (Minotaur Fighter)             Turns: 3733, Time: 00:05:44

Health: -7/72      AC:  9    Str: 22    XL:     7   Next: 72%
Magic:  6/6        EV:  7    Int:  5    God:
Gold:   172        SH:  4    Dex: 10    Spells: 6/6 levels left

rFire   . . .      SeeInvis .   a - +0 long sword
rCold   . . .      Faith    .   c - +0 buckler
rNeg    . . .      Spirit   .   r - +0 chain mail
rPois   +          Reflect  .   (helmet restricted)
rElec   .          Harm     .   (no cloak)
rCorr   +          Rampage  .   (no gloves)
Will    .....                   (no boots)
Stlth   ..........              (no amulet)
HPRegen 0.22/turn               f - ring "Novos" {rPois rCorr}
MPRegen 0.10/turn               (no ring)

@: no status effects
A: horns 2, retaliatory headbutt
a: no special abilities


You were on level 6 of the Dungeon.
You visited 1 branch of the dungeon, and saw 6 of its levels.

You collected 172 gold pieces.

Inventory:

Hand Weapons
 a - a +0 long sword (weapon)
Armour
 b - a +0 scale mail
 c - a +0 buckler (worn)
 r - a +0 chain mail (worn)
Jewellery
 f - the ring "Novos" (left hand) {rPois rCorr}
   (You acquired it on level 1 of the Dungeon)

   [ring of resist corrosion]

   rPois:     It protects you from poison.
   rCorr:     It protects you from acid and corrosion.
Wands
 s - a wand of flame (45)
Scrolls
 h - a scroll of enchant weapon {unknown}
 i - a scroll of silence {unknown}
 k - 4 scrolls of identify {unknown}
 m - a scroll of teleportation
 n - 2 scrolls of butterflies {unknown}
 p - a scroll of vulnerability {unknown}
 q - a scroll of enchant armour {unknown}
 t - a scroll of blinking {unknown}
 u - a scroll of noise {unknown}
 v - a scroll of poison {unknown}
Potions
 d - 2 potions of might
 e - a potion of mutation {unknown}
 g - a potion of invisibility {unknown}
 j - a potion of haste {unknown}
 l - 6 potions of curing {unknown}
 o - a potion of berserk rage {unknown}
 w - a potion of lignification {unknown}


   Skills:
 - Level 10.3 Fighting
 - Level 3.1 Long Blades
 + Level 4.2 Armour
 - Level 1.2 Dodging
 - Level 4.3 Shields


You had 6 spell levels left.
You didn't know any spells.
Your spell library contained the following spells:

 Spells                   Type           Power      Damage    Failure   Level
 Freeze                   Ice            0%         1d3       99%         1
 Sublimation of Blood     Necr           0%         N/A       100%        2
 Frozen Ramparts          Ice            0%         1d1       100%        3
 Inner Flame              Hex/Fire       0%         N/A       100%        3
 Cause Fear               Hex            0%         N/A       100%        4
 Hailstorm                Conj/Ice       0%         3d3       100%        4
 Petrify                  Tmut/Erth      0%         N/A       100%        4
 Irradiate                Conj/Tmut      0%         3d11      100%        5
 Discord                  Hex            0%         N/A       100%        8


Dungeon Overview and Level Annotations

Branches:
Dungeon (6/15)             Temple (0/1) D:4

Altars:
Qazlal
The Shining One

Annotations:
D:6 Prince Ribbit


Innate Abilities, Weirdness & Mutations

You have a pair of horns on your head.
You reflexively headbutt those who attack you in melee.


Message History

Prince Ribbit barely misses you.
You slash Prince Ribbit!
Prince Ribbit is moderately wounded.
Prince Ribbit hits you! x2
You hit Prince Ribbit.
Prince Ribbit is heavily wounded.
Prince Ribbit hits you. x2
You miss Prince Ribbit.
Prince Ribbit is heavily wounded.
You block Prince Ribbit's attack. Prince Ribbit hits you!
You barely miss Prince Ribbit.
Prince Ribbit is heavily wounded.
You block Prince Ribbit's attack.
You slash Prince Ribbit!
You headbutt Prince Ribbit, but do no damage.
Prince Ribbit is severely wounded.
Prince Ribbit hits you. x2
* * * LOW HITPOINT WARNING * * *
You barely miss Prince Ribbit.
Prince Ribbit is severely wounded.
Prince Ribbit hits you but does no damage.
You block Prince Ribbit's attack.
You closely miss Prince Ribbit.
Prince Ribbit is severely wounded.
Prince Ribbit hits you!
* * * LOW HITPOINT WARNING * * *
Prince Ribbit hits you.
* * * LOW HITPOINT WARNING * * *
You slash Prince Ribbit!
Prince Ribbit is severely wounded.
You block Prince Ribbit's attack.
You hit Prince Ribbit but do no damage.
Prince Ribbit is severely wounded.
Prince Ribbit blinks!
Prince Ribbit barely misses you. You block Prince Ribbit's attack.
Prince Ribbit blinks!
Prince Ribbit blinks!
Prince Ribbit hits you!
You die...

#.#########...≈≈≈≈≈≈.##
#........##...≈≈≈≈≈≈..#
#........##.....^.....#
#.....§..##...........#
#........##..........##
#........##..........#
#........##..........#
###........######÷######
.........@...##........#
.$.......F....+........+
###........#.##........#
#...$....#..#........#
###########.###'######
####..##'#####
#............#
#............#
##########............####


You could see Prince Ribbit.

Vanquished Creatures
  A sky beast (D:6)
  A centaur (D:5)
  A phantom (D:5)
  2 necrophages
  A scorpion (D:5)
  2 bullfrogs (D:6)
  A crimson imp (D:4)
  An orc priest (D:5)
  2 hounds (D:5)
  A jelly (D:5)
  2 iguanas (D:6)
  An adder (D:3)
  A white imp (D:6)
  An ufetubus (D:5)
  3 worms
  5 dart slugs
  8 orcs
  4 ball pythons
  2 bats
  5 endoplasms
  2 giant cockroaches
  A goblin (D:4)
  6 hobgoblins
  2 jackals (D:2)
  3 quokkas
  4 frilled lizards
  A goblin skeleton (D:4)
  5 hobgoblin zombies (D:4)
  2 kobolds (D:2)
  A kobold skeleton (D:4)
  2 kobold zombies (D:4)
  An orc skeleton (D:4)
  An orc zombie (D:4)
  3 rats
79 creatures vanquished.

Notes
Turn   | Place    | Note
-------+----------+-------------------------------------------
     0 | D:1      | GigaChad the Minotaur Fighter began the quest for the Orb.
     0 | D:1      | Reached XP level 1. HP: 19/19 MP: 0/0
    31 | D:1      | Identified a scroll of acquirement
    31 | D:1      | Acquired the ring "Novos" {rPois rCorr}
   136 | D:2      | Reached XP level 2. HP: 2/27 MP: 1/1
   641 | D:2      | Reached skill level 4 in Fighting
   641 | D:2      | Reached XP level 3. HP: 33/33 MP: 2/2
  1017 | D:3      | Reached skill level 1 in Dodging
  1278 | D:3      | Reached XP level 4. HP: 33/40 MP: 3/3
  1713 | D:4      | Found a glowing golden altar of the Shining One.
  1763 | D:4      | Reached skill level 5 in Fighting
  1807 | D:4      | Found a staircase to the Ecumenical Temple.
  2072 | D:5      | Entered Level 5 of the Dungeon
  2151 | D:5      | Reached XP level 5. HP: 47/50 MP: 4/4
  2202 | D:5      | Reached skill level 6 in Fighting
  2226 | D:5      | Noticed a phantom
  2245 | D:5      | Killed a phantom
  2246 | D:5      | Reached XP level 6. HP: 35/58 MP: 5/5
  2252 | D:5      | Reached skill level 7 in Fighting
  2734 | D:5      | Reached skill level 8 in Fighting
  2735 | D:5      | Reached XP level 7. HP: 41/69 MP: 6/6
  2915 | D:6      | Reached skill level 9 in Fighting
  2944 | D:6      | Found a stormy altar of Qazlal.
  3235 | D:6      | Reached skill level 10 in Fighting
  3710 | D:6      | Noticed Prince Ribbit
  3733 | D:6      | Mangled by Prince Ribbit

Illustrated notes

Levels and vault maps discovered:
D:1:      minmay_arrival_widening_spiral_wide, layout_rooms,
          serial_bayou_pond_b, minmay_crystal_room, st_stairs_3
D:2:      layout_basic, hex_tiny, minmay_tetromino_o2
D:3:      layout_rooms, hellmonk_ecumenical_altar_inner_sanctum, st_stairs_8,
          grunt_ministairs_6
D:4:      layout_cave_pods, nicolae_tso_besieged_by_evil,
          minmay_temple_entry_arrows
D:5:      layout_rooms, kennysheep_little_box
D:6:      layout_basic, general_overflow_altar, chequers_ossuary_entry_cave,
          minmay_a_box_with_orc_wizards_in_it, uniq_pikel, uniq_prince_ribbit1

Skill      XL: |  1  2  3  4  5  6  7 |
---------------+----------------------+-----
Shields        | 4 |  4.3
Fighting       | 4 5 6 8 10 | 10.3
Dodging        | 1 |  1.2
Armour         | 4 |  4.2
Long Blades    | 3 |  3.1

Action                   |  1- 3 |  4- 6 |  7- 9 || total
-------------------------+-------+-------+-------++-------
Melee: Long sword        |    78 |   103 |    46 ||   227
       Headbutt          |    14 |    16 |     8 ||    38
  Use: Scroll            |     2 |     1 |       ||     3
Armor: Scale mail        |    59 |    26 |       ||    85
       Chain mail        |       |    35 |    27 ||    62
Dodge: Dodged            |    49 |    46 |    23 ||   118
Block: Buckler           |    26 |    27 |    12 ||    65
